% Time on Ice - LONG BEACH BARACUDAS
Lines # - Real PCT - Wanted PCT - Time Play
Normal Forward
1 - 36% - 36% - 18:01
2 - 30% - 31% - 15:19
3 - 22% - 23% - 11:23
4 - 12% - 10% - 5:57
Normal Defense
1 - 28% - 36% - 13:58
2 - 32% - 31% - 16:10
3 - 32% - 23% - 16:17
4 - 8% - 10% - 4:15
PP Forward
1 - 55% - 55% - 4:04
2 - 45% - 45% - 3:17
PP Defense
1 - 54% - 55% - 4:00
2 - 46% - 45% - 3:21
PK Forward
1 - 54% - 55% - 1:04
2 - 46% - 45% - 0:55
PK Defense
1 - 15% - 55% - 0:18
2 - 85% - 45% - 1:41
PK3 Forward
1 - 0% - 55%
2 - 0% - 45%
PK3 Defense
1 - 0% - 55%
2 - 0% - 45%
44 Forward
1 - 0% - 55%
2 - 0% - 45%
44 Defense
1 - 0% - 55%
2 - 0% - 45%
Last Minute Offensive  - 0:00
Last Minute Defensive  - 0:00
Total
Forward - 60:00
Defense - 60:00
% Time on Ice - SASKATOON DUCKS
Lines # - Real PCT - Wanted PCT - Time Play
Normal Forward
1 - 35% - 36% - 17:44
2 - 31% - 31% - 15:33
3 - 24% - 23% - 12:01
4 - 11% - 10% - 5:22
Normal Defense
1 - 33% - 36% - 16:57
2 - 31% - 31% - 15:51
3 - 29% - 23% - 14:47
4 - 6% - 10% - 3:05
PP Forward
1 - 61% - 55% - 1:12
2 - 39% - 45% - 0:47
PP Defense
1 - 61% - 55% - 1:12
2 - 39% - 45% - 0:47
PK Forward
1 - 52% - 55% - 3:51
2 - 48% - 45% - 3:30
PK Defense
1 - 52% - 55% - 3:48
2 - 48% - 45% - 3:33
PK3 Forward
1 - 0% - 55%
2 - 0% - 45%
PK3 Defense
1 - 0% - 55%
2 - 0% - 45%
44 Forward
1 - 0% - 55%
2 - 0% - 45%
44 Defense
1 - 0% - 55%
2 - 0% - 45%
Last Minute Offensive  - 0:00
Last Minute Defensive  - 0:00
Total
Forward - 60:00
Defense - 60:00
Play-by-Play 1st period 0:01 of 1st period - Ryan O'Reilly wins face-off versus Jake Guentzel in neutral zone. 0:09 of 1st period - Shot by Ryan O'Reilly. 0:09 of 1st period - Stopped by Tristan Jarry with a rebound. 0:11 of 1st period - Shot by Ryan O'Reilly. 0:11 of 1st period - Shot Blocked by Jake Sanderson. 0:13 of 1st period - Shot by Ryan O'Reilly. 0:13 of 1st period - Stopped by Tristan Jarry with a rebound. 0:18 of 1st period - Shot by Mark Stone. 0:18 of 1st period - Stopped by Tristan Jarry without a rebound. 0:19 of 1st period - Ivan Barbashev wins face-off versus William Karlsson in SASKATOON DUCKS zone. 0:19 of 1st period - Ivan Barbashev is hit by Arthur Kaliyev. 1:01 of 1st period - Off-side. 1:02 of 1st period - Paul Stastny wins face-off versus Teuvo Teravainen in neutral zone. 1:13 of 1st period - Shot by Paul Stastny. 1:13 of 1st period - Stopped by Ukko-Pekka Luukkonen without a rebound. 1:14 of 1st period - Ryan O'Reilly wins face-off versus Sidney Crosby in LONG BEACH BARACUDAS zone. 1:39 of 1st period - Icing by Jake Sanderson. 1:40 of 1st period - Sidney Crosby wins face-off versus Seth Jarvis in SASKATOON DUCKS zone. 2:41 of 1st period - Shot by Kasperi Kapanen. 2:41 of 1st period - Goal by Kasperi Kapanen - LONG BEACH BARACUDAS : 0 - SASKATOON DUCKS : 1. 2:42 of 1st period - Nils Aman wins face-off versus Ryan O'Reilly in neutral zone. 3:08 of 1st period - Shot by Nils Aman. 3:08 of 1st period - Shot Misses the Net. 3:10 of 1st period - Shot by Nils Aman. 3:10 of 1st period - Stopped by Ukko-Pekka Luukkonen without a rebound. 3:11 of 1st period - William Karlsson wins face-off versus Ivan Barbashev in LONG BEACH BARACUDAS zone. 3:24 of 1st period - Shot by Arthur Kaliyev. 3:24 of 1st period - Stopped by Tristan Jarry without a rebound. 3:25 of 1st period - Alexander Holtz wins face-off versus Paul Stastny in SASKATOON DUCKS zone. 3:36 of 1st period - Shot by Boris Katchouk. 3:36 of 1st period - Stopped by Tristan Jarry without a rebound. 3:37 of 1st period - Ivan Barbashev wins face-off versus William Karlsson in SASKATOON DUCKS zone. 3:41 of 1st period - Off-side. 3:42 of 1st period - William Karlsson wins face-off versus Ivan Barbashev in neutral zone. 4:15 of 1st period - Shot by Samuel Girard. 4:15 of 1st period - Stopped by Ukko-Pekka Luukkonen with a rebound. 4:17 of 1st period - Shot by Mathieu Joseph. 4:17 of 1st period - Shot Blocked by Alexander Romanov. 4:19 of 1st period - Shot by Mathieu Joseph. 4:19 of 1st period - Deflect By Ivan Barbashev. 4:19 of 1st period - Shot Blocked by Matt Irwin. 4:21 of 1st period - Shot by Samuel Girard. 4:21 of 1st period - Shot Misses the Net. 4:39 of 1st period - Shot by Jake Guentzel. 4:39 of 1st period - Shot Blocked by Alexander Romanov. 5:00 of 1st period - Mark Stone is hit by Jake Guentzel and loses puck. 5:47 of 1st period - Shot by Kailer Yamamoto. 5:47 of 1st period - Shot Blocked by Calen Addison. 5:49 of 1st period - Shot by Kasperi Kapanen. 5:49 of 1st period - Deflect By Kailer Yamamoto. 5:49 of 1st period - Shot Hit the Post. 5:51 of 1st period - Shot by Kailer Yamamoto. 5:51 of 1st period - Shot Misses the Net. 5:57 of 1st period - Shot by Kailer Yamamoto. 5:57 of 1st period - Shot Blocked by Teuvo Teravainen. 6:01 of 1st period - Shot by Paul Stastny. 6:01 of 1st period - Stopped by Ukko-Pekka Luukkonen with a rebound. 6:03 of 1st period - Shot by Jaycob Megna. 6:03 of 1st period - Shot Misses the Net. 6:25 of 1st period - Shot by Matt Martin. 6:25 of 1st period - Stopped by Ukko-Pekka Luukkonen with a rebound. 10:06 of 1st period - Shot by Nils Aman. 10:06 of 1st period - Shot Hit the Post. 11:09 of 1st period - Shot by John Tavares. 11:09 of 1st period - Stopped by Ukko-Pekka Luukkonen without a rebound. 11:10 of 1st period - Ryan O'Reilly wins face-off versus Ivan Barbashev in LONG BEACH BARACUDAS zone. 11:12 of 1st period - Icing by Mark Stone. 11:13 of 1st period - Ryan O'Reilly wins face-off versus Ivan Barbashev in LONG BEACH BARACUDAS zone. 12:42 of 1st period - Shot by Jake Guentzel. 12:42 of 1st period - Stopped by Ukko-Pekka Luukkonen without a rebound. 12:43 of 1st period - Derek Stepan wins face-off versus Sidney Crosby in LONG BEACH BARACUDAS zone. 12:43 of 1st period - Derek Stepan is hit by John Tavares. 12:59 of 1st period - Shot by Jake Guentzel. 12:59 of 1st period - Shot Misses the Net. 13:04 of 1st period - Derek Stepan is hit by Ben Chiarot. 13:24 of 1st period - Shot by Sidney Crosby. 13:24 of 1st period - Shot Blocked by Alexander Romanov. 13:29 of 1st period - Derek Stepan is hit by Sidney Crosby and loses puck. 13:49 of 1st period - Off-side. 13:50 of 1st period - Ryan O'Reilly wins face-off versus Paul Stastny in neutral zone. 13:58 of 1st period - Icing by Chris Tanev. 13:59 of 1st period - Paul Stastny wins face-off versus Kyle Connor in SASKATOON DUCKS zone. 14:03 of 1st period - Off-side. 14:04 of 1st period - Paul Stastny wins face-off versus Mark Stone in neutral zone. 14:54 of 1st period - Icing by Kyle Connor. 14:55 of 1st period - Ryan O'Reilly wins face-off versus Sidney Crosby in LONG BEACH BARACUDAS zone. 14:55 of 1st period - Ryan O'Reilly is hit by Jake Guentzel. 14:56 of 1st period - Minor Penalty to Sidney Crosby for Tripping. 14:57 of 1st period - William Karlsson wins face-off versus Paul Stastny in SASKATOON DUCKS zone. 15:16 of 1st period - Ben Chiarot is hit by Jaden Schwartz and loses puck. 15:27 of 1st period - Shot by Jaden Schwartz. 15:27 of 1st period - Goal by Jaden Schwartz - LONG BEACH BARACUDAS : 1 - SASKATOON DUCKS : 1. 15:28 of 1st period - Ryan O'Reilly wins face-off versus Sidney Crosby in neutral zone. 15:39 of 1st period - Shot by Kyle Connor. 15:39 of 1st period - Deflect By Ryan O'Reilly. 15:39 of 1st period - Shot Misses the Net. 15:45 of 1st period - Mark Stone is hit by Jake Guentzel. 15:59 of 1st period - Shot by Ryan O'Reilly. 15:59 of 1st period - Shot Misses the Net. 16:47 of 1st period - Shot by William Karlsson. 16:47 of 1st period - Shot Misses the Net. 16:49 of 1st period - Shot by William Karlsson. 16:49 of 1st period - Goal by William Karlsson - LONG BEACH BARACUDAS : 2 - SASKATOON DUCKS : 1. 16:50 of 1st period - Ivan Barbashev wins face-off versus Seth Jarvis in neutral zone. 16:52 of 1st period - Off-side. 16:53 of 1st period - Seth Jarvis wins face-off versus Ivan Barbashev in neutral zone. 16:55 of 1st period - Teuvo Teravainen is hit by Ivan Barbashev and loses puck. 17:20 of 1st period - Ryan Strome is hit by Anton Stralman and loses puck. 17:31 of 1st period - Shot by Jaden Schwartz. 17:31 of 1st period - Shot Misses the Net. 17:33 of 1st period - Shot by Scott Harrington. 17:33 of 1st period - Goal by Scott Harrington - LONG BEACH BARACUDAS : 3 - SASKATOON DUCKS : 1. 17:34 of 1st period - Paul Stastny wins face-off versus William Karlsson in neutral zone. 17:54 of 1st period - William Karlsson is hit by Ben Chiarot. 18:15 of 1st period - Off-side. 18:16 of 1st period - Ryan O'Reilly wins face-off versus Sidney Crosby in neutral zone. 18:18 of 1st period - Kyle Connor is hit by Samuel Girard and loses puck. 18:22 of 1st period - Icing by Jake Sanderson. 18:23 of 1st period - Sidney Crosby wins face-off versus Kyle Connor in SASKATOON DUCKS zone. 18:41 of 1st period - Shot by John Tavares. 18:41 of 1st period - Deflect By Jake Guentzel. 18:41 of 1st period - Stopped by Ukko-Pekka Luukkonen without a rebound. 18:42 of 1st period - Ivan Barbashev wins face-off versus Seth Jarvis in LONG BEACH BARACUDAS zone. 19:44 of 1st period -